 Dungeon Crawl Stone Soup version 0.28.0-47-ge53b351184 (webtiles) character file.

Game seed: 11344474082323401477

113 leafyfresh the Changer (level 4, -4/35 HPs)
             Began as a Draconian Transmuter on Apr 29, 2022.
             Killed by divine providence
             ... invoked by an orc priest
              (13 damage)
             ... on level 3 of the Dungeon.
             The game lasted 00:04:30 (3116 turns).

leafyfresh the Changer (Draconian Transmuter)       Turns: 3116, Time: 00:04:30

Health: -4/35      AC:  6    Str: 12    XL:     4   Next: 65%
Magic:  1/7        EV: 12    Int: 13    God:
Gold:   136        SH:  0    Dex: 14    Spells: 1/7 levels left

rFire   . . .      SeeInvis .   d - +4 dagger
rCold   . . .      Faith    .   (no shield)
rNeg    . . .      Spirit   .   (armour unavailable)
rPois   .          Reflect  .   (helmet currently unavailable)
rElec   .          Harm     .   (no cloak)
rCorr   .          Rampage  .   g - +0 pair of gloves
Will    .....                   (boots currently unavailable)
Stlth   +.........              (no amulet)
HPRegen 0.11/turn               (no ring)
MPRegen 0.10/turn               (no ring)

@: appendages, very slightly contaminated
A: horns 2, talons 2, AC +5, unfitting armour, cold-blooded
a: End Transformation


You were on level 3 of the Dungeon.
You had temporarily grown beastly horns and talons.
You visited 1 branch of the dungeon, and saw 3 of its levels.

You collected 136 gold pieces.

Inventory:

Hand Weapons
 d - a +4 dagger (weapon)
Missiles
 b - 4 poisoned darts
Armour
 g - a +0 pair of gloves (worn)
Wands
 i - a wand of acid (12)
 k - a wand of flame (24)
Scrolls
 e - a scroll of fear
 h - a scroll of immolation
 j - a scroll of amnesia {unknown}
 n - a scroll of identify {unknown}
Potions
 a - a potion of heal wounds {unknown}
 c - a potion of might {unknown}
 f - a potion of curing {unknown}
 l - a potion of flight {unknown}
 m - 2 potions of brilliance {unknown}


   Skills:
 - Level 1.1 Fighting
 - Level 1.7 Dodging
 - Level 3.0 Unarmed Combat
 - Level 2.0 Spellcasting
 + Level 5.0 Transmutations


You had one spell level left.
You knew the following spells:

 Your Spells              Type           Power      Damage    Failure   Level
a - Beastly Appendage     Tmut           28%        N/A       3%          1
b - Passwall              Tmut/Erth      5%         N/A       14%         2
c - Spider Form           Tmut/Pois      7%         N/A       26%         3

Your spell library contained the following spells:

 Spells                   Type           Power      Damage    Failure   Level
 Sandblast                Erth           2%         2d4       26%         1
 Wereblood                Tmut           14%        N/A       4%          2
 Stone Arrow              Conj/Erth      2%         3d7       58%         3
 Ice Form                 Ice/Tmut       7%         N/A       65%         4
 Summon Forest            Summ/Tloc      0%         N/A       100%        5
 Eringya's Noxious Bog    Tmut/Pois      3%         N/A       100%        6
 Summon Hydra             Summ           0%         N/A       100%        7


Dungeon Overview and Level Annotations

Branches:
Dungeon (3/15)

Altars:
Makhleb

Shops:
D:1 [


Innate Abilities, Weirdness & Mutations

You have temporarily grown beastly horns and talons.
Your plain brown scales are hard. (AC +5)
You cannot fit into any form of body armour.
You are cold-blooded and may be slowed by cold attacks.


Message History

The spell is quite dangerous to miscast (28% risk of failure)!
Continue anyway?
You miscast Spider Form.
Nothing appears to happen.
Unknown command.
Casting: Spider Form (quite dangerous; 28% risk of failure)
Confirm with . or Enter, or press ? or * to list all spells.
You grow a pair of large bovine horns.
Your feet morph into talons.
Unknown command.
The orc hits you with a +2 antimagic flail.
You hit the orc but do no damage. The orc misses you.
The orc priest miscasts a cantrip.
You hit the orc but do no damage. The orc barely misses you.
You hit the orc but do no damage. You headbutt the orc.
The orc is almost dead.
The orc hits you with a +2 antimagic flail.
You hit the orc.
You kill the orc!
You closely miss the orc. Your kick misses the orc.
Your headbutt misses the orc.
Your tail-slap misses the orc.
The orc hits you but does no damage.
You hit the orc. Your kick misses the orc. You tail-slap the orc.
The orc is heavily wounded.
The orc priest begins to cast a cantrip, but forgets the words!
The orc hits you with a +0 club.
You hit the orc.
The orc is heavily wounded.
The orc barely misses you.
You hit the orc.
You kill the orc!
The orc priest calls down the wrath of Beogh upon you.
Beogh smites you!
* * * LOW HITPOINT WARNING * * *
Your Transmutations skill increases to level 5!
You are too injured to fight recklessly!
You are too injured to fight recklessly!
You are too injured to fight recklessly!
You are too injured to fight recklessly!
Unknown command.
The orc priest calls down the wrath of Beogh upon you.
Beogh smites you!
You die...

#.# #.# #.#####.... #.#
#.#######.....'.... #.#
#.#.....#######.... #.#
#.#.###.# #....
#.############.#.# #.#
####'##
#..............#.#
#.#####......
################.#
#.#..........
#########.###.#.###.##.##
....o.)o@...........##.#
....#####...#.#.######.#
###.#............#####.#
.............#..#...#.#
#.#.#...#.#.#..#...#.#
#.#.#.#...#.#..#...#.#
#.#.#.#.###.#..#...#.#
#.#...#.# #.#..#...#.#
#.......###.#......#.#


You could see an orc priest and an orc.

Vanquished Creatures
  4 adders
  2 worms
  2 dart slugs
  2 orcs (D:3)
  4 ball pythons
  7 endoplasms
  4 giant cockroaches
  6 hobgoblins
  3 jackals (D:3)
  5 kobolds
  2 quokkas (D:1)
  8 bats
  A frilled lizard (D:2)
  5 goblins
  6 rats
61 creatures vanquished.

Vanquished Creatures (others)
  15 fungi (D:3)
15 creatures vanquished.

Grand Total: 76 creatures vanquished

Notes
Turn   | Place    | Note
-------+----------+-------------------------------------------
     0 | D:1      | leafyfresh the Draconian Transmuter began the quest for the
                  | Orb.
     0 | D:1      | Reached XP level 1. HP: 16/16 MP: 3/3
   421 | D:1      | Reached XP level 2. HP: 21/23 MP: 5/5
   529 | D:1      | Reached skill level 3 in Transmutations
   817 | D:1      | Learned a level 2 spell: Passwall
   928 | D:1      | Found Wapsic's Antique Armour Emporium.
  1145 | D:2      | Reached XP level 3. HP: 28/28 MP: 4/6
  1386 | D:2      | Reached skill level 4 in Transmutations
  1394 | D:2      | Learned a level 3 spell: Spider Form
  1452 | D:2      | Found a faded altar of an unknown god.
  1627 | D:2      | Reached XP level 4. HP: 9/35 MP: 5/7
  2726 | D:3      | Found a burning altar of Makhleb.
  3116 | D:3      | Reached skill level 5 in Transmutations
  3116 | D:3      | Killed from afar by an orc priest

Illustrated notes

Levels and vault maps discovered:
D:1:      tarquinn_simple_flora_water_a, layout_basic, serial_shops, shop_statue
D:2:      kennysheep_big_flooded_room, layout_basic,
          hellmonk_ecumenical_altar_run_dry
D:3:      layout_basic, mainiacjoe_overflow_cross_hatched, serial_bayou_pond_a,
          item_on_display_a

Skill      XL: |  1  2  3  4 |
---------------+-------------+-----
Transmutations | 3 4 5 |  5.0
Fighting       | |  1.1
Dodging        | |  1.7
Unarmed Combat | |  3.0
Spellcasting   | |  2.0

Action                   |  1- 3 |  4- 6 || total
-------------------------+-------+-------++-------
Melee: Unarmed           |    43 |       ||    43
       Tailslap          |    13 |     3 ||    16
       Kick              |     9 |     7 ||    16
       Dagger            |    86 |    39 ||   125
       Headbutt          |     9 |     6 ||    15
       Punch             |     2 |       ||     2
 Cast: Beastly Appendage |    18 |     9 ||    27
  Use: Scroll            |       |     2 ||     2
Armor: Skin              |    44 |     8 ||    52
Dodge: Dodged            |    68 |    34 ||   102
